 Dungeon Crawl Stone Soup version 0.24-a0-517-gd52e2fb918 (webtiles) character file.

Game seed: 15335623935750092109

4 KristoblXynda the Charlatan (level 1, 0/10 HPs)
             Began as a Spriggan Artificer on July 22, 2019.
             Slain by a leopard gecko (3 damage)
             ... on level 1 of the Dungeon.
             The game lasted 00:00:42 (500 turns).

KristoblXynda the Charlatan (Spriggan Artificer)     Turns: 500, Time: 00:00:42

Health: 0/10       AC:  2    Str:  8    XL:     1   Next: 58%
Magic:  4/4        EV: 18    Int: 12    God:
Gold:   57         SH:  0    Dex: 16    Spells: 0/0 levels left

rFire    . . .     SeeInvis +   a - +0 short sword
rCold    . . .     Gourm    .   (shield restricted)
rNeg     . . .     Faith    .   b - +0 robe
rPois    .         Spirit   .   (helmet restricted)
rElec    .         Reflect  .   (no cloak)
rCorr    .         Harm     .   (gloves unavailable)
MR       .....                  (boots unavailable)
Stlth    ++........             (no amulet)
HPRegen  0.03/turn              (no ring)
MPRegen  0.09/turn              (no ring)

@: very quick
A: very small, unfitting armour, see invisible, herbivore, speed 3, slow
metabolism 2
a: no special abilities


You were on level 1 of the Dungeon.
You were not hungry.

You visited 1 branch of the dungeon, and saw 1 of its levels.

You collected 57 gold pieces.

Inventory:

Hand Weapons
 a - a +0 short sword (weapon)
Armour
 b - a +0 robe (worn)
Wands
 c - a wand of flame (14)
 d - a wand of enslavement (14)
 e - a wand of random effects (14)
Scrolls
 g - a scroll of blinking {unknown}
 i - a scroll of fog {unknown}
Potions
 h - a potion of lignification {unknown}
Comestibles
 f - 3 rations


   Skills:
 + Level 1.0 Fighting
 - Level 1.1 Short Blades
 - Level 3.0 Dodging
 + Level 2.0 Stealth
 + Level 4.1 Evocations


You couldn't memorise any spells.
You didn't know any spells.
Your spell library was empty.

Dungeon Overview and Level Annotations

Branches:
Dungeon (1/15)

Altars:


Innate Abilities, Weirdness & Mutations

You are very small and have problems with some larger weapons.
You are too small for most types of armour.
You have supernaturally acute eyesight. (SInv)
You are a herbivore.
You cover ground extremely quickly.
You need to consume almost no food.


Message History

Aim: a leopard gecko (clinging)
The leopard gecko seems to speed up.
The leopard gecko bites you but does no damage.
There is an open door here.
There is an open door here.
The leopard gecko closely misses you.
Found a club.
There's nothing to close nearby.
Unknown command.
Evoke which item? (* to show all) (? for menu, Esc to quit)
That's the wrong kind of item! (Use * to select it.) Evoke which item? (* to show all) (? for menu, Esc to quit)
Okay, then.
Evoke which item? (* to show all) (? for menu, Esc to quit)
Aiming: Throw Flame
Press: ? - help, Shift-Dir - straight line, f/p - leopard gecko
Aim: a leopard gecko (fast, clinging)
The puff of flame misses the leopard gecko.
The leopard gecko bites you.
You die...

##...<...#####.)## #...
##.....####...## ####
.###...###...####.#
#...........####.#.#
######.######....#.########
.......##..............
#.####..##.#..#.##.###.# #.
#)......#.....#.# #.# #
#.@l..........# #.#
##.######...#.# #.. #.#
##.##.# ### #. .....#
#.##.# # # #. #.#### #.##..
. ..#. #.# ##'#### .#. #.#
##...## . .. #.## ##.....##
#.#. #..## ##.......#


You could see a leopard gecko.

Vanquished Creatures
  A goblin (D:1)
  A kobold (D:1)
2 creatures vanquished.

Vanquished Creatures (collateral kills)
  A leopard gecko (D:1)
  A hobgoblin (D:1)
2 creatures vanquished.

Vanquished Creatures (others)
  An ooze (D:1)
1 creature vanquished.

Grand Total: 5 creatures vanquished

Notes
Turn   | Place    | Note
-------+----------+-------------------------------------------
     0 | D:1      | KristoblXynda the Spriggan Artificer began the quest for
                  | the Orb.
     0 | D:1      | Reached XP level 1. HP: 9/9 MP: 4/4
   463 | D:1      | Reached skill level 1 in Fighting
   500 | D:1      | Slain by a leopard gecko

Levels and vault maps discovered:
D:1:      dpeg_arrival_central, layout_loops_corners, minivault_4, st_stairs_11

Skill      XL: |  1 |
---------------+----+-----
Fighting       | 1 |  1.0
Stealth        | 2 |  2.0
Short Blades   | |  1.1
Dodging        | |  3.0
Evocations     | |  4.1

Action                   || total
-------------------------++-------
Melee: Short sword       ||    11
Evoke: Wand              ||     3
Armor: Robe              ||     2
Dodge: Dodged            ||     5

Table legend:
 A = Non-vault XP
 B = Vault XP
 C = Vault XP percentage of total XP
 D = Non-vault monster count
 E = Vault monster count
 F = Vault count percentage of total count
                 A         B        C        D         E       F
            +---------+---------+-------+---------+---------+-------
      Total |       7 |       0 |   0.0 |       4 |       0 |   0.0
            +---------+---------+-------+---------+---------+-------
        D:1 |       7 |       0 |   0.0 |       4 |       0 |   0.0
            +---------+---------+-------+---------+---------+-------
